 Dungeon Crawl Stone Soup version 0.28-a0-749-gded9c35 (webtiles) character file.

Game seed: 15499319491354778284

56 Nithhogg the Skirmisher (level 3, -3/35 HPs)
             Began as a Hill Orc Fighter on Oct 29, 2021.
             Slain by Sigmund (8 damage)
             ... on level 2 of the Dungeon.
             The game lasted 00:01:08 (977 turns).

Nithhogg the Skirmisher (Hill Orc Fighter)           Turns: 977, Time: 00:01:08

Health: -3/35      AC:  6    Str: 17 (19) XL:     3   Next: 95%
Magic:  3/3        EV:  9    Int:  5 (8)  God:
Gold:   36         SH:  0    Dex:  7 (10) Spells: 2/2 levels left

rFire   . . .      SeeInvis .   a - +0 war axe
rCold   . . .      Faith    .   (no shield)
rNeg    . . .      Spirit   .   b - +0 scale mail
rPois   .          Reflect  .   (no helmet)
rElec   .          Harm     .   (no cloak)
rCorr   .          Rampage  .   (no gloves)
Will    .....                   (no boots)
Stlth   ..........              (no amulet)
HPRegen 0.11/turn               (no ring)
MPRegen 0.08/turn               (no ring)

@: mighty, lethally poisoned (-3 -> -4)
A: no striking features
a: no special abilities


You were on level 2 of the Dungeon.
You visited 1 branch of the dungeon, and saw 2 of its levels.

You collected 36 gold pieces.

Inventory:

Hand Weapons
 a - a +0 war axe (weapon)
Armour
 b - a +0 scale mail (worn)
 c - a +0 buckler
Jewellery
 f - a ring of positive energy
Scrolls
 g - 2 scrolls of summoning {unknown}
 h - a scroll of enchant weapon {unknown}
 i - a scroll of identify {unknown}
 j - a scroll of amnesia {unknown}
 k - a scroll of fog {unknown}
 l - a scroll of teleportation {unknown}
Potions
 e - a potion of degeneration


   Skills:
 + Level 4.8 Fighting
 + Level 4.3 Axes
 - Level 3.2 Armour
 - Level 3.2 Shields


You had 2 spell levels left.
You didn't know any spells.
Your spell library was empty.

Dungeon Overview and Level Annotations

Branches:
Dungeon (2/15)

Altars:

Annotations:
D:2 Sigmund


Message History

Found an escape hatch in the floor.
There is an escape hatch in the floor here.
A ball python comes into view.
The ball python moves out of view.
An adder, a quokka and Sigmund come into view.
Found a robe and 35 arrows.
Sigmund shouts!
The adder hisses angrily.
Sigmund drinks a potion.
Sigmund's spells are empowered!
There are monsters nearby!
You feel very mighty all of a sudden. The ball python bites you.
The ball python grabs you. The ball python constricts you.
Sigmund mumbles some strange words.
Sigmund flickers and vanishes!
Deactivating autopickup; reactivate with Ctrl-A.
You escape the ball python's grasp.
You slash the ball python!
You kill the ball python!
The adder barely misses you.
You closely miss the adder. The adder barely misses you. The adder bites you.
You miss the adder. The adder bites you. Something hits you!
You miss the adder. The adder misses you.
The adder bites you but does no damage. Something hits you but does no damage.
You closely miss the adder.
The adder bites you but does no damage. x2
Something hits you!
* * * LOW HITPOINT WARNING * * *
You are too injured to fight recklessly!
You barely miss the adder. The adder bites you but does no damage.
The adder bites you.
* * * LOW HITPOINT WARNING * * *
You are poisoned.
The adder poisons you!
You slash the adder!
You kill the adder!
You feel sick. The quokka barely misses you.
It was a potion of degeneration.
There was something very wrong with that liquid.
You feel weakened.
You feel dopey.
You feel clumsy.
You feel sick. Something hits you!
You die...

............##..#.##....
##......<.####...# ####.
##.......## #...# ..
#..####### ##..#..###.#
##.## #..###.....# #..# #.#
##..## #.## #.######...##
#.# ###.#..r{..#..### #.#
#.....@##......[.
#.#########......##........
#.........>................
###########......##........
#......##........
#########......(. #########


You could see a quokka.

Vanquished Creatures
  A jelly (D:2)
  An adder (D:2)
  A dart slug (D:1)
  3 endoplasms (D:1)
  2 goblins
  A hobgoblin (D:1)
  A quokka (D:2)
  A ball python (D:2)
  2 bats
  2 kobolds (D:2)
  A rat (D:1)
16 creatures vanquished.

Notes
Turn   | Place    | Note
-------+----------+-------------------------------------------
     0 | D:1      | Nithhogg the Hill Orc Fighter began the quest for the Orb.
     0 | D:1      | Reached XP level 1. HP: 19/19 MP: 1/1
   258 | D:1      | Reached XP level 2. HP: 27/27 MP: 2/2
   277 | D:1      | Found a faded altar of an unknown god.
   573 | D:2      | Reached XP level 3. HP: 25/34 MP: 3/3
   964 | D:2      | Noticed Sigmund
   977 | D:2      | Slain by Sigmund

Illustrated notes

Levels and vault maps discovered:
D:1:      dpeg_arrival_arbitrary_c, layout_basic, ebering_ecumenical_altar_rust
D:2:      layout_rooms, hangedman_feature_mirror, uniq_sigmund

Skill      XL: |  1  2 |
---------------+-------+-----
Axes           | 3 4 |  4.3
Fighting       | 4 |  4.8
Armour         | |  3.2
Shields        | |  3.2

Action                   || total
-------------------------++-------
Melee: War axe           ||    58
  Use: Potion            ||     2
Armor: Scale mail        ||    30
Dodge: Dodged            ||    36

Table legend: (Time is in decaauts)
 A = Elapsed time spent in this place.
 B = Non-inter-level travel time spent in this place.
 C = Inter-level travel time spent in this place.
 D = Time resting spent in this place.
 E = Time spent auto-exploring this place.
 F = Levels seen in this place.
 G = Mean time per level.
                   A        B        C        D        E       F      G
               +--------+--------+--------+--------+--------+-----+--------+
         Total |    995 |    955 |     40 |      0 |    798 |   2 |  497.5 |
       Dungeon |    995 |    955 |     40 |      0 |    798 |   2 |  497.5 |
               +--------+--------+--------+--------+--------+-----+--------+

Top non-repeatable levels by time:
     D:1: 570 daAuts
     D:2: 425 daAuts
